 Dungeon Crawl Stone Soup version 0.30.0-29-ga12c61a403 (webtiles) character file.

Game seed: 2006738963065972286

32 ChrisAssaf the Sneak (level 3, -1/28 HPs)
             Began as a Draconian Enchanter on June 14, 2023.
             Was a Plaything of Xom.
             Slain by Sigmund
             ... wielding a +0 scythe
              (4 damage)
             ... on level 2 of the Dungeon.
             The game lasted 00:03:15 (585 turns).

ChrisAssaf the Sneak (Draconian Enchanter)           Turns: 585, Time: 00:03:16

Health: -1/28      AC:  5    Str: 10    XL:     3   Next: 10%
Magic:  6/6        EV: 12    Int: 17    God:    Xom [......]
Gold:   44         SH:  0    Dex: 11    Spells: 1/6 levels left

rFire   . . .        a - +2 dagger
rCold   . . .        (no shield)
rNeg    . . .        (body armour unavailable)
rPois   .            (helmet restricted)
rElec   .            (no cloak)
rCorr   .            (no gloves)
SInv    .            (no boots)
Will    .....        (no amulet)
Stlth   +            (no ring)
HPRegen 0.24/turn    (no ring)
MPRegen 0.10/turn

%: no passive effects
@: confused, mighty
A: AC +5, unfitting armour, cold-blooded
a: Renounce Religion


You were on level 2 of the Dungeon.
You worshipped Xom.
You were a very special plaything of Xom.
You visited 1 branch of the dungeon, and saw 2 of its levels.

You collected 44 gold pieces.

Inventory:

Hand Weapons
 a - a +2 dagger (weapon)
Scrolls
 d - 2 scrolls of magic mapping
Potions
 b - a potion of invisibility


   Skills:
 * Level 1.0 Fighting
 * Level 1.1 Short Blades
 * Level 2.0 Dodging
 * Level 3.2 Stealth
 * Level 2.2 Spellcasting
 * Level 2.9 Hexes


You had one spell level left.
You knew the following spells:

 Your Spells              Type           Power      Damage    Failure   Level
a - Ensorcelled Hibernat  Hex/Ice        12%        N/A       16%         2
b - Tukima's Dance        Hex            12%        N/A       17%         3

Your spell library contained the following spells:

 Spells                   Type           Power      Damage    Failure   Level
 Confusing Touch          Hex            12%        N/A       17%         3
 Dazzling Flash           Conj/Hex       12%        N/A       30%         3


Dungeon Overview and Level Annotations

Branches:
Dungeon (2/15)

Altars:
Xom

Annotations:
D:2 Sigmund


Innate Abilities, Weirdness & Mutations

Your plain brown scales are hard. (AC +5)
You cannot fit into any form of body armour.
You are cold-blooded and may be slowed by cold attacks.


Message History

Something tries to affect you, but you resist.
You see here a +0 ring mail.
A magic dart appears from out of thin air!
The magic dart hits you!
A puff of flame appears from out of thin air!
The puff of flame hits you!
Something tries to affect you, but you resist.
As you read the scroll labelled MUJALI HOMAEN, it crumbles to dust.
You assume a fearsome visage.
Nothing appears to happen.
It was a scroll of fear.
A puff of flame appears from out of thin air!
The puff of flame hits you.
As you read the scroll labelled CAOR CIUMOACLODGH, it crumbles to dust.
It is a scroll of enchant weapon.
Your +1 dagger glows red for a moment.
Xom is amused.
It was a potion of might.
You feel very mighty all of a sudden.
Xom is highly amused!
A magic dart appears from out of thin air!
The magic dart hits you.
* * * LOW HITPOINT WARNING * * *
Something barely misses you.
You closely miss something. You tail-slap something.
You completely miss something. Something hits you.
* * * LOW HITPOINT WARNING * * *
You miss something.
Your tail-slap misses something.
You hear some strange, mumbled words.
You are confused.
You completely miss something.
Your tail-slap misses something.
Your punch misses something.
Sigmund appears from thin air!
Reactivating autopickup.
Sigmund misses you.
You closely miss Sigmund.
Sigmund is moderately wounded.
Sigmund points at you and mumbles some strange words.
You are more confused.
Sigmund hits you with a +0 scythe.
You die...
Xom guffaws!

#.##############.[...
#[.......# #.###.._
#.######.# #.# ####
#.# #.# #.# #.# #.#
#.# #.# #.#####.# #.#
#...†...#
#.##############
#...@@.....#
##########.# #.# #.#
#.# #{# #.# #.# #.#


You could see Sigmund.

Vanquished Creatures
  A worm (D:2)
  A dart slug (D:1)
  2 endoplasms (D:1)
  A giant cockroach (D:1)
  A hobgoblin (D:1)
  3 jackals (D:2)
  2 quokkas (D:2)
  7 ball pythons
  3 bats
  3 frilled lizards
  A kobold (D:1)
  2 rats
27 creatures vanquished.

Notes
Turn   | Place    | Note
-------+----------+-------------------------------------------
     0 | D:1      | ChrisAssaf the Draconian Enchanter began the quest for the
                  | Orb.
     0 | D:1      | Reached XP level 1. HP: 14/14 MP: 3/3
   128 | D:1      | Reached XP level 2. HP: 20/20 MP: 5/5
   131 | D:1      | Learned a level 2 spell: Ensorcelled Hibernation
   207 | D:2      | Reached skill level 1 in Fighting
   230 | D:2      | Reached skill level 3 in Stealth
   339 | D:2      | Found a faded altar of an unknown god.
   362 | D:2      | Prayed at the altar of an unknown god.
   362 | D:2      | Became a worshipper of Xom the Chaotic
   412 | D:2      | Reached XP level 3. HP: 16/28 MP: 0/6
   418 | D:2      | XOM: divination: detect items
   432 | D:2      | Learned a level 3 spell: Tukima's Dance
   449 | D:2      | XOM: divination: detect items
   546 | D:2      | Noticed Sigmund
   580 | D:2      | HP: 1/28 [something (6)]
   585 | D:2      | Slain by Sigmund

Illustrated notes

Levels and vault maps discovered:
D:1:      ldierk_walled_garden, layout_loops_ring
D:2:      layout_basic, hellmonk_ecumenical_altar_zigzags, corexii_corridor_pit,
          uniq_sigmund, uniq_crazy_yiuf_cottage

Skill      XL: |  1  2  3 |
---------------+----------+-----
Fighting       | 1 |  1.0
Stealth        | 3 |  3.2
Dodging        | 2 |  2.0
Short Blades   | |  1.1
Spellcasting   | |  2.2
Hexes          | |  2.9

Action                     || total
---------------------------++-------
  Melee: Dagger            ||    92
         Tailslap          ||    11
   Cast: Ensorcelled Hiber ||     9
    Use: Scroll            ||     3
         Potion            ||     2
   Stab: Sleeping          ||     9
         Invisible         ||     1
 Armour: Skin              ||    29
  Dodge: Dodged            ||    65
